[Event "Titled Tuesday Blitz April 18 Late 2023"]
[White "Svane, Rasmus"]
[Black "Indjic, Aleksandar"]
[WhiteFideId "4657101"]
[BlackFideId "911925"]
[WhiteElo "2597"]
[BlackElo "2614"]
[Result "0-1"]
[Round "04"]
[TimeControl "180+2"]
[Date "2023.04.18"]
[WhiteClock "0:00:01"]
[BlackClock "0:00:05"]

1. Nf3 Nf6 2. g3 b5 3. Bg2 Bb7 4. d4 e6 5. Bg5 c5 6. O-O cxd4 7. Nxd4 Bxg2 8. Kxg2 a6 9. Qd3 Be7 10. Nd2 Qb6 11. c4 b4 12. Rac1 Nc6 13. N4b3 Qb7 14. Bxf6 gxf6 15. Qf3 Qc7 16. c5 Rc8 17. Rfd1 Ne5 18. Qf4 f5 19. e4 Nd3 20. Qxc7 Rxc7 21. Rc2 fxe4 22. Nxe4 Ne5 23. Rd4 Nc6 24. Nd6+ Bxd6 25. cxd6 Rb7 26. Rdc4 Rb6 27. Nc5 Rg8 28. Rh4 Rg7 29. Ne4 f5 30. Nf6+ Kd8 31. Nxh7 Ne5 32. Nf6 Nf7 33. Rd4 Rxd6 34. Rxb4 Ke7 35. Nh5 Rg8 36. Nf4 Ne5 37. Re2 Nc6 38. Ra4 Nd4 39. Rd2 e5 40. Ne2 Nxe2 41. Rxe2 Kf6 42. Rh4 Rg6 43. Rh8 e4 44. Rf8+ Ke5 45. f3 Rgf6 46. Re8+ Rfe6 47. Rxe6+ Rxe6 48. g4 Kf4 49. fxe4 fxe4 50. h3 e3 51. Re1 d5 52. Rf1+ Ke4 53. g5 Kd3 54. Rf6 Re5 55. g6 e2 56. Rf3+ Kd2 57. Rf2 d4 58. h4 Re4 59. Kg3 Re6 60. h5 d3 61. g7 Re8 62. h6 Rg8 63. Kf4 Kd1 64. h7 Rxg7 65. h8=Q Rf7+ 66. Ke3 Rxf2 67. Kxf2 e1=Q+ 68. Kg2 Qe2+ 69. Kg3 d2 70. Qh1+ Kc2 71. Qc6+ Kb1 72. Qg6+ Ka1 73. b4 d1=Q 74. Qf6+ Qb2 75. b5 0-1


[Site "https://www.chess.com"]

[Event "Titled Tuesday Blitz April 18 Late 2023"]
[White "Baskakov, Egor"]
[Black "Hakobyan, Aram"]
[WhiteFideId "24197866"]
[BlackFideId "13306677"]
[WhiteElo "2212"]
[BlackElo "2584"]
[Result "0-1"]
[Round "04"]
[TimeControl "180+2"]
[Date "2023.04.18"]
[WhiteClock "0:02:36"]
[BlackClock "0:01:52"]

1. e4 g6 2. g3 Bg7 3. Bg2 c5 4. Ne2 Nc6 5. O-O d6 6. h3 e5 7. Nbc3 Nge7 8. Nd5 Nxd5 9. exd5 Ne7 10. c3 O-O 11. d4 cxd4 12. cxd4 Nf5 13. dxe5 Bxe5 14. Kh2 Re8 15. Nc3 Nh4 16. f4 Bxc3 17. bxc3 Nxg2 18. Kxg2 Bf5 19. Qd4 Re4 20. Qd2 Qd7 21. Rf2 Bxh3+ 22. Kh2 Rae8 23. c4 Qg4 24. Bb2 Re2 0-1


[Site "https://www.chess.com"]

[Event "Titled Tuesday Blitz April 18 Late 2023"]
[White "Terry, Renato"]
[Black "Quesada Perez, Yasser"]
[WhiteFideId "3803457"]
[BlackFideId "3509362"]
[WhiteElo "2575"]
[BlackElo "2496"]
[Result "1/2-1/2"]
[Round "04"]
[TimeControl "180+2"]
[Date "2023.04.18"]
[WhiteClock "0:00:03"]
[BlackClock "0:00:09"]

1. Nf3 d5 2. e3 Nf6 3. b3 Bf5 4. Bb2 e6 5. Be2 h6 6. O-O Be7 7. d3 O-O 8. Nbd2 Bh7 9. Re1 a5 10. a3 c5 11. c4 Nc6 12. Rc1 Rc8 13. Ne5 Nxe5 14. Bxe5 b6 15. Qc2 Nd7 16. Bg3 Bf6 17. Rcd1 Qe7 18. Bf3 Ne5 19. Be2 Rfd8 20. Nf3 Nc6 21. Rd2 Rd7 22. Red1 Rcd8 23. Bf1 e5 24. cxd5 Rxd5 25. Qc4 Qd7 26. e4 Rd6 27. Be2 Qe6 28. Qxe6 Rxe6 29. h3 Bg6 30. Bh2 Bg5 31. Rb2 Be7 32. g4 f6 33. d4 Bxe4 34. Bc4 Bd5 35. dxe5 Bxc4 36. Rxd8+ Nxd8 37. bxc4 fxe5 38. Bxe5 Bf6 39. Bxf6 gxf6 40. Nh4 Nf7 41. f4 Kh7 42. Nf5 h5 43. gxh5 Nh6 44. Ng3 a4 45. Kf2 Ng8 46. Rd2 b5 47. Rd7+ Kh8 48. cxb5 Rb6 49. Nf5 Rxb5 50. Nh4 Nh6 51. Ng6+ Kg8 52. Ra7 Rb2+ 53. Kf3 Rb3+ 54. Ke4 Rxa3 55. Kd5 Rxh3 56. Ke6 Rxh5 57. Ne7+ Kf8 58. Ng6+ Kg8 59. Ne7+ Kf8 60. Ng6+ Kg8 1/2-1/2


[Site "https://www.chess.com"]

[Event "Titled Tuesday Blitz April 18 Late 2023"]
[White "Bortnyk, Olexandr"]
[Black "Costachi, Mihnea"]
[WhiteFideId "14120828"]
[BlackFideId "1217518"]
[WhiteElo "2734"]
[BlackElo "2456"]
[Result "1-0"]
[Round "04"]
[TimeControl "180+2"]
[Date "2023.04.18"]
[WhiteClock "0:01:37"]
[BlackClock "0:00:48"]

1. e4 e5 2. Nf3 Nc6 3. Bb5 a6 4. Ba4 d6 5. Nc3 g6 6. d3 Bg7 7. h4 Bg4 8. Be3 Nf6 9. Qd2 b5 10. Bb3 Bxf3 11. gxf3 Na5 12. O-O-O Nxb3+ 13. axb3 c5 14. Bh6 Bxh6 15. Qxh6 Qe7 16. Rhg1 O-O-O 17. f4 b4 18. Na4 Nd7 19. fxe5 dxe5 20. f4 f6 21. fxe5 fxe5 22. h5 Rhg8 23. hxg6 hxg6 24. Rxg6 Rxg6 25. Qxg6 Kb7 26. Rh1 Qf6 27. Nxc5+ Kc6 28. Nxd7 Qxg6 29. Nxe5+ Kb5 30. Nxg6 Rd6 31. Rh5+ Kb6 32. Ne7 Re6 33. Nd5+ Ka5 34. Nf4+ Kb6 35. Nxe6 1-0


[Site "https://www.chess.com"]

[Event "Titled Tuesday Blitz April 18 Late 2023"]
[White "Xiong, Jeffery"]
[Black "Kramnik, Vladimir"]
[WhiteFideId "2047640"]
[BlackFideId "4101588"]
[WhiteElo "2726"]
[BlackElo "2712"]
[Result "1-0"]
[Round "04"]
[TimeControl "180+2"]
[Date "2023.04.18"]
[WhiteClock "0:00:34"]
[BlackClock "0:00:09"]

1. e4 e6 2. d4 d5 3. e5 c5 4. c3 Nc6 5. Nf3 Bd7 6. Be2 Nge7 7. Na3 cxd4 8. cxd4 Nf5 9. Nc2 Qb6 10. O-O Rc8 11. a3 Na5 12. Bd3 Nb3 13. Rb1 Bb5 14. Be3 Be7 15. Re1 Bxd3 16. Qxd3 Na5 17. b3 Qa6 18. Qd2 O-O 19. Bg5 Bxg5 20. Nxg5 h6 21. Nf3 Rc7 22. g4 Ne7 23. Re3 Rfc8 24. Nce1 Nac6 25. b4 Qa4 26. Nd3 Nd8 27. Nc5 Qe8 28. b5 b6 29. Na6 Rc2 30. Qe1 Ng6 31. Nb4 R2c4 32. Nd3 Qe7 33. Rb3 Nb7 34. Kg2 Na5 35. Rb4 Nh4+ 36. Nxh4 Qxh4 37. Rg3 Rxb4 38. Nxb4 Rc4 39. Qd2 h5 40. h3 hxg4 41. hxg4 Qh7 42. Qg5 Qe4+ 43. Kh2 Rc8 44. Qd2 Nc4 45. Qc3 Qf4 46. Kg2 Qe4+ 47. Kh2 g5 48. Nc6 Kg7 49. Qf3 Rh8+ 50. Kg2 Qe1 51. Qf6+ Kg8 52. Ne7+ Kf8 53. Ng6+ Ke8 54. Qe7# 1-0


[Site "https://www.chess.com"]

[Event "Titled Tuesday Blitz April 18 Late 2023"]
[White "Svane, Frederik"]
[Black "Smirnov, Pavel"]
[WhiteFideId "12923044"]
[BlackFideId "4123425"]
[WhiteElo "2502"]
[BlackElo "2519"]
[Result "1-0"]
[Round "04"]
[TimeControl "180+2"]
[Date "2023.04.18"]
[WhiteClock "0:00:07"]
[BlackClock "0:00:05"]

1. e4 e5 2. Nf3 Nc6 3. Nc3 Nf6 4. h3 Bb4 5. Nd5 Nxd5 6. exd5 e4 7. dxc6 exf3 8. Qxf3 dxc6 9. Bc4 O-O 10. O-O Qg5 11. d3 Qf5 12. Qxf5 Bxf5 13. a4 Rfe8 14. Bb3 Be6 15. Bxe6 Rxe6 16. Bf4 Bd6 17. Bd2 Rae8 18. Rfe1 Rxe1+ 19. Rxe1 Rxe1+ 20. Bxe1 f5 21. f3 g6 22. Kf2 Kf7 23. Ke3 Ke6 24. b3 b5 25. g4 a6 26. c4 Be5 27. Bb4 Bd6 28. Bc3 h5 29. Bg7 Ba3 30. Bc3 Bd6 31. Bb2 Bb4 32. Kd4 hxg4 33. hxg4 fxg4 34. fxg4 Be7 35. Ke4 Bd6 36. Bc1 Be7 37. Bf4 bxa4 38. bxa4 Kd7 39. Bg3 Bf6 40. Be5 Be7 41. Kd4 Ba3 42. Bg3 Bb2+ 43. Ke4 Ba3 44. Be5 Be7 45. Kf4 Bd8 46. Bc3 Ke6 47. Be5 Kd7 48. Bg7 Ke6 49. Bh6 Bf6 50. Bg5 Bc3 51. Ke4 Kd7 52. Bh4 Bg7 53. Kf4 Ke6 54. Bg5 Be5+ 55. Ke4 Bg7 56. Bf4 Kd7 57. Be5 Bf8 58. Bg3 Be7 59. Bf4 Bd8 60. Bd2 Bf6 61. Kf4 Ke6 62. Bb4 Be5+ 63. Kg5 Kf7 64. Bd2 Bd6 65. Bf4 Be7+ 66. Kh6 Bd8 67. Be5 Ke6 68. d4 Kf7 69. a5 g5 70. d5 cxd5 71. cxd5 Ke8 72. Kg6 Kd7 73. Kf5 c6 74. dxc6+ Kxc6 75. Bf6 Bxa5 76. Bxg5 Bb4 77. Bf6 a5 78. g5 Kd7 79. Kg6 Ke6 80. Kh7 Bf8 81. Bb2 Kf5 82. g6 a4 83. Ba3 Bxa3 84. g7 Bb2 85. g8=Q a3 86. Qb3 Ke4 87. Kg6 Kd4 88. Kg5 Kc5 89. Kf5 Kd4 90. Ke6 Ke4 91. Qc4+ Ke3 92. Kf5 Kd2 93. Ke4 1-0


[Site "https://www.chess.com"]

[Event "Titled Tuesday Blitz April 18 Late 2023"]
[White "Sjugirov, Sanan"]
[Black "Yuan, Qingyu"]
[WhiteFideId "4189302"]
[BlackFideId "8609772"]
[WhiteElo "2569"]
[BlackElo "2359"]
[Result "1-0"]
[Round "04"]
[TimeControl "180+2"]
[Date "2023.04.18"]
[WhiteClock "0:00:12"]
[BlackClock "0:00:01"]

1. d4 d5 2. c4 e6 3. Nf3 Nf6 4. g3 Bb4+ 5. Bd2 Be7 6. Bg2 O-O 7. O-O Nbd7 8. Qc2 c6 9. Rc1 b6 10. a4 Ba6 11. cxd5 cxd5 12. Nc3 Rc8 13. Qd1 Ne4 14. Nb5 Rxc1 15. Rxc1 Bxb5 16. axb5 Qb8 17. Bf4 Bd6 18. Bxd6 Nxd6 19. Qa4 Rc8 20. Rc6 h6 21. Qb4 Rxc6 22. bxc6 Nf6 23. Ne5 Qc7 24. Qa4 a5 25. b4 axb4 26. Qxb4 Nfe8 27. Qa4 b5 28. Qa6 Kh7 29. Nd3 Qb8 30. Nb4 Nc7 31. Qa1 Qb6 32. e3 Kg8 33. Bf1 Nc4 34. Bd3 f5 35. Bf1 Qa5 36. Qb1 Kf7 37. Nd3 Ke7 38. Nc5 Qa3 39. g4 Qb2 40. Qd1 g6 41. gxf5 exf5 42. Qf3 Qc1 43. Qg3 Ne8 44. c7 Nd2 45. Qe5+ 1-0


[Site "https://www.chess.com"]

[Event "Titled Tuesday Blitz April 18 Late 2023"]
[White "Ibrahimli, Murad"]
[Black "Bilych, Olexiy"]
[WhiteFideId "13410229"]
[BlackFideId "14156504"]
[WhiteElo "2364"]
[BlackElo "2320"]
[Result "1-0"]
[Round "04"]
[TimeControl "180+2"]
[Date "2023.04.18"]
[WhiteClock "0:00:32"]
[BlackClock "0:00:05"]

1. Nf3 d5 2. d4 Nf6 3. c4 e6 4. g3 dxc4 5. Bg2 Bb4+ 6. Nc3 O-O 7. O-O Nc6 8. a3 Be7 9. e4 Na5 10. Be3 a6 11. h3 b5 12. d5 Bb7 13. dxe6 Nxe4 14. exf7+ Rxf7 15. Ne5 Qxd1 16. Rfxd1 Nxc3 17. bxc3 Bxg2 18. Kxg2 Rff8 19. a4 Bd6 20. axb5 axb5 21. Rd5 Bxe5 22. Rxe5 c6 23. Re6 Rfc8 24. Bb6 Kf7 25. Rd6 Nb7 26. Rd7+ Ke8 27. Rad1 Rd8 28. Bxd8 Rxd8 29. Rxd8+ Nxd8 30. Kf3 Ke7 31. Ke3 Ne6 32. Ra1 Nc5 33. Ra7+ Kf6 34. Rc7 Na4 35. Rxc6+ Ke5 36. Kd2 g5 37. Rc7 h5 38. Rb7 Ke4 39. Rxb5 Kf3 40. Rxg5 Nb2 41. Rxh5 Nd3 42. Rh4 Nxf2 43. Rxc4 Kxg3 44. h4 Ng4 45. Rxg4+ Kxg4 46. c4 Kxh4 47. c5 Kg5 48. c6 Kf6 49. c7 1-0


[Site "https://www.chess.com"]

[Event "Titled Tuesday Blitz April 18 Late 2023"]
[White "Jaracz, Pawel"]
[Black "Yoo, Christopher Woojin"]
[WhiteFideId "1102222"]
[BlackFideId "30909694"]
[WhiteElo "2438"]
[BlackElo "2519"]
[Result "0-1"]
[Round "04"]
[TimeControl "180+2"]
[Date "2023.04.18"]
[WhiteClock "0:00:01"]
[BlackClock "0:00:22"]

1. d4 Nf6 2. c4 e6 3. Nf3 d5 4. Nbd2 Bb4 5. e3 O-O 6. a3 Be7 7. Bd3 b6 8. O-O Bb7 9. b4 a5 10. b5 Nbd7 11. Bb2 c6 12. bxc6 Bxc6 13. Rc1 Rc8 14. Qe2 dxc4 15. Bxc4 b5 16. Bd3 Nd5 17. g3 b4 18. axb4 Nxb4 19. Be4 Bxe4 20. Nxe4 Qb6 21. Nfd2 Nd5 22. Nc4 Qb5 23. Rfe1 Bb4 24. Red1 N7b6 25. Qg4 0-1


[Site "https://www.chess.com"]

[Event "Titled Tuesday Blitz April 18 Late 2023"]
[White "Naroditsky, Daniel"]
[Black "Horvath, Dominik"]
[WhiteFideId "2026961"]
[BlackFideId "1642561"]
[WhiteElo "2633"]
[BlackElo "2407"]
[Result "0-1"]
[Round "04"]
[TimeControl "180+2"]
[Date "2023.04.18"]
[WhiteClock "0:00:06"]
[BlackClock "0:00:12"]

1. d4 d5 2. Nc3 Nf6 3. Bf4 c5 4. e4 Nxe4 5. Nxe4 dxe4 6. dxc5 Qa5+ 7. c3 Qxc5 8. Qa4+ Nc6 9. Qxe4 g6 10. Nf3 Bg7 11. Rd1 O-O 12. Be3 Qa5 13. Bc4 Bf5 14. Qh4 Rad8 15. O-O h5 16. h3 Rxd1 17. Rxd1 Rd8 18. Re1 Bf6 19. Bg5 Kg7 20. Qf4 Bxg5 21. Nxg5 f6 22. Ne6+ Bxe6 23. Bxe6 Ne5 24. Bb3 Qb6 25. Re2 a5 26. Qe4 Rd7 27. Kh2 Nd3 28. Qc4 Qc7+ 29. Qxc7 Rxc7 30. Rd2 Nc5 31. Bc2 Rd7 32. Re2 e5 33. b4 axb4 34. cxb4 Ne6 35. Ba4 Rd4 36. a3 Rd3 37. Ra2 Nd4 38. f3 b5 39. Bc2 Rd2 40. Bb1 Nxf3+ 41. Kg3 Rxa2 42. Bxa2 Nd4 43. Kf2 Nc2 44. Kf3 Nxa3 45. Bb3 f5 46. h4 Kf6 47. Ke3 Ke7 48. g3 Kf6 49. Kd3 g5 50. hxg5+ Kxg5 51. Be6 f4 52. gxf4+ Kxf4 53. Bd5 h4 54. Bg2 Nc4 55. Bc6 Nd6 56. Ke2 e4 57. Bd7 Ke5 58. Ke3 Nc4+ 59. Ke2 Nd6 60. Ke3 Kd5 61. Kf4 Kd4 62. Kg4 e3 63. Kf3 Kd3 64. Bg4 e2 65. Kf2 Ne4+ 66. Ke1 Nc3 67. Bh3 Kc4 68. Kd2 Kxb4 69. Bg4 Kc4 70. Be6+ Kd4 71. Bg4 b4 72. Bh3 b3 73. Bf5 b2 74. Bc2 h3 75. Bf5 h2 76. Be4 h1=Q 77. Bxh1 b1=Q 78. Be4 Qd1# 0-1


[Site "https://www.chess.com"]

[Event "Titled Tuesday Blitz April 18 Late 2023"]
[White "Martinez Alcantara, Jose Eduardo"]
[Black "Grigoriants, Sergey"]
[WhiteFideId "3805662"]
[BlackFideId "4130804"]
[WhiteElo "2711"]
[BlackElo "2502"]
[Result "1-0"]
[Round "04"]
[TimeControl "180+2"]
[Date "2023.04.18"]
[WhiteClock "0:00:12"]
[BlackClock "0:00:03"]

1. e4 e5 2. Nf3 Nc6 3. Bb5 a6 4. Ba4 Nf6 5. d3 Bc5 6. Bg5 h6 7. Bh4 d6 8. Nbd2 Ba7 9. c3 Bd7 10. h3 Ne7 11. Bxf6 gxf6 12. Nh4 Bxa4 13. Qxa4+ Qd7 14. Qb3 c6 15. Ndf3 d5 16. O-O Rg8 17. Kh2 O-O-O 18. Rae1 Bb8 19. g3 f5 20. Rg1 fxe4 21. dxe4 f5 22. exd5 e4 23. Nd4 cxd5 24. f4 Ba7 25. Ng2 Nc6 26. Rd1 Bxd4 27. cxd4 Kb8 28. Ne3 h5 29. h4 Rg6 30. Rd2 Ne7 31. Qd1 Rh8 32. a4 Qe6 33. b4 Ng8 34. b5 a5 35. Rc2 Nf6 36. Qd2 Qb6 37. Rc5 Ng4+ 38. Nxg4 Rxg4 39. Rgc1 Rd8 40. R1c3 Rg7 41. Qe2 Rh7 42. Qc2 Ka7 43. Qd2 Rg7 44. Rc6 bxc6 45. Rxc6 Rc7 46. Rxb6 Kxb6 47. Qe2 Re8 48. Qxh5 Ree7 49. Qg6+ Kb7 50. Qa6+ Kb8 51. Qd6 e3 52. b6 e2 53. bxc7+ Rxc7 54. Qe5 1-0


[Site "https://www.chess.com"]

[Event "Titled Tuesday Blitz April 18 Late 2023"]
[White "Rodshtein, Maxim"]
[Black "Lazavik, Denis"]
[WhiteFideId "2806851"]
[BlackFideId "13515110"]
[WhiteElo "2555"]
[BlackElo "2560"]
[Result "0-1"]
[Round "04"]
[TimeControl "180+2"]
[Date "2023.04.18"]
[WhiteClock "0:00:36"]
[BlackClock "0:01:47"]

1. b3 d5 2. Bb2 Nf6 3. e3 c6 4. Nf3 Bg4 5. h3 Bh5 6. c4 e6 7. Nc3 Nbd7 8. g4 Bg6 9. Nh4 Bd6 10. Nxg6 hxg6 11. Bg2 Qe7 12. a3 O-O-O 13. d4 Bc7 14. Rc1 Kb8 15. Qc2 Rc8 16. Qe2 g5 17. Rc2 Nf8 18. b4 Ng6 19. Kd1 Nh4 20. Bf1 e5 21. cxd5 cxd5 22. Nb5 e4 23. Rc5 Bb6 24. Qc2 a6 25. Nc3 Bxc5 26. dxc5 Nf3 27. Bg2 d4 28. Nxe4 Nxe4 29. Bxf3 d3 30. Qc4 Nxf2+ 31. Kd2 Nxh1 32. Bxh1 Rxh3 33. Bg2 Qxe3+ 0-1


[Site "https://www.chess.com"]

[Event "Titled Tuesday Blitz April 18 Late 2023"]
[White "Sarana, Alexey"]
[Black "Kowalski, Igor"]
[WhiteFideId "24133795"]
[BlackFideId "1172468"]
[WhiteElo "2714"]
[BlackElo "2392"]
[Result "1-0"]
[Round "04"]
[TimeControl "180+2"]
[Date "2023.04.18"]
[WhiteClock "0:01:23"]
[BlackClock "0:00:52"]

1. d4 Nf6 2. c4 g6 3. Nc3 Bg7 4. e4 O-O 5. Be2 d6 6. Be3 Nbd7 7. Nf3 e5 8. d5 Nc5 9. Nd2 a5 10. g4 c6 11. g5 Ne8 12. h4 a4 13. h5 Qa5 14. Qc2 Nc7 15. Kf1 Bd7 16. Rc1 N7a6 17. a3 Rac8 18. Kg2 Qd8 19. Rh2 f5 20. gxf6 Qxf6 21. Rg1 g5 22. h6 Bxh6 23. Rgh1 Bg7 24. Rxh7 g4 25. Qd1 Qg6 26. R7h4 Rf4 27. Bxf4 exf4 28. Bxg4 Nd3 29. Kf1 Nxb2 30. Qf3 Bxg4 31. Rxg4 Qf6 32. Qh3 1-0


[Site "https://www.chess.com"]

[Event "Titled Tuesday Blitz April 18 Late 2023"]
[White "Pranav, V"]
[Black "Peng, Li Min"]
[WhiteFideId "25060783"]
[BlackFideId "14112620"]
[WhiteElo "2500"]
[BlackElo "2436"]
[Result "1-0"]
[Round "04"]
[TimeControl "180+2"]
[Date "2023.04.18"]
[WhiteClock "0:00:03"]
[BlackClock "0:00:02"]

1. e4 Nc6 2. d4 d5 3. e5 f6 4. Nf3 Bg4 5. Bb5 e6 6. Nbd2 fxe5 7. dxe5 Qd7 8. h3 Bh5 9. c3 Bc5 10. Nb3 Bb6 11. a4 a6 12. Bxc6 bxc6 13. a5 Ba7 14. Be3 Bxe3 15. fxe3 Nh6 16. O-O O-O 17. g4 Nxg4 18. hxg4 Bxg4 19. Ra4 h5 20. Rf4 Qe7 21. Qd4 Rab8 22. Nc5 Rxf4 23. exf4 Rxb2 24. Ng5 h4 25. Rf2 Rb5 26. Nxa6 Rxa5 27. Rb2 g6 28. Qa7 Kg7 29. Qxc7 Qxc7 30. Nxc7 Ra1+ 31. Kh2 Kh6 32. Ne8 Rf1 33. Nf7+ Kh7 34. Nf6+ Kg7 35. Rb7 Rf2+ 36. Kg1 Rxf4 37. Nd6+ Kh6 38. Nf7+ Kg7 39. Nd6+ Kh6 40. Ng8+ Kg5 41. Nf6 Bh5 42. Nxh5 Kxh5 43. Re7 Rg4+ 44. Kh2 Rg3 45. Rxe6 Rxc3 46. Rf6 Rc2+ 47. Kg1 Re2 48. Nf7 h3 49. Rf2 1-0


[Site "https://www.chess.com"]

[Event "Titled Tuesday Blitz April 18 Late 2023"]
[White "Moussard, Jules"]
[Black "Makridis, Dimitrios"]
[WhiteFideId "642908"]
[BlackFideId "25864475"]
[WhiteElo "2610"]
[BlackElo "2277"]
[Result "0-1"]
[Round "04"]
[TimeControl "180+2"]
[Date "2023.04.18"]
[WhiteClock "0:02:05"]
[BlackClock "0:01:07"]

1. d4 Nf6 2. Nf3 e6 3. g3 b6 4. Bg2 Bb7 5. O-O Be7 6. c4 O-O 7. Re1 Ne4 8. Qc2 f5 9. Nfd2 d5 10. Nc3 Nc6 11. Nf3 dxc4 12. Nxe4 Nb4 13. Qxc4 Bd5 14. Qb5 fxe4 15. Nd2 Nc2 16. Nxe4 Nxe1 17. Bh1 Nc2 18. Rb1 Nxd4 19. Qd3 c5 20. b3 Nf5 21. Bb2 Qe8 22. e3 Rd8 23. Qa6 Nd6 24. Nxd6 Bxd6 25. Qxa7 Qf7 26. Qxf7+ Kxf7 27. e4 Bc6 28. Bf3 e5 29. Re1 Ra8 30. a4 Ke7 31. Kg2 g6 32. h4 Bd7 33. Rd1 Bh3+ 34. Kxh3 Rxf3 35. Kg2 Rxb3 36. Bc1 Rxa4 37. f3 Ra2+ 38. Kh3 Rxf3 39. Bg5+ Ke6 40. h5 gxh5 41. Rb1 Rff2 42. Rh1 Be7 43. Be3 Rfe2 44. Bg1 Ra1 45. Rh2 Rxh2+ 46. Bxh2 c4 47. g4 hxg4+ 48. Kxg4 c3 49. Kh5 c2 50. Bf4 exf4 51. e5 c1=Q 52. Kh6 Qg1 53. Kxh7 Qg2 54. Kh8 Rh1# 0-1


[Site "https://www.chess.com"]

[Event "Titled Tuesday Blitz April 18 Late 2023"]
[White "Thomforde-Toates, Noah"]
[Black "Eljanov, Pavel"]
[WhiteFideId "30951992"]
[BlackFideId "14102951"]
[WhiteElo "2750"]
[BlackElo "2598"]
[Result "0-1"]
[Round "04"]
[TimeControl "180+2"]
[Date "2023.04.18"]
[WhiteClock "0:00:05"]
[BlackClock "0:00:06"]

1. e4 c6 2. d4 d5 3. e5 Bf5 4. h4 h5 5. Bd3 Bxd3 6. Qxd3 Qa5+ 7. Nd2 e6 8. Nf3 Nh6 9. c4 Nf5 10. O-O Be7 11. g3 O-O 12. b3 Rd8 13. c5 b6 14. cxb6 Qxb6 15. Bb2 c5 16. Rac1 Nd7 17. dxc5 Nxc5 18. Qe2 Qa6 19. Qxa6 Nxa6 20. Nd4 Nxd4 21. Bxd4 Rdc8 22. Rxc8+ Rxc8 23. Bxa7 Rc2 24. Nf3 Rxa2 25. Bd4 Nc5 26. Rc1 Nxb3 27. Rc8+ Bf8 28. Bb6 f6 29. Bd8 Kf7 30. exf6 gxf6 31. Bxf6 Bc5 32. Bg5 Bxf2+ 33. Kg2 Bd4+ 34. Kh3 e5 35. Rc7+ Ke6 36. Rb7 Nc5 37. Nxd4+ exd4 38. Rh7 d3 39. Rxh5 d2 40. Bxd2 Rxd2 41. Rh6+ Ke5 42. Rh5+ Ke4 43. Rh8 Nd7 44. Re8+ Ne5 45. h5 Ra2 46. Kh4 Kf5 47. Rf8+ Ke6 48. Kg5 Rg2 49. Re8+ Kd6 50. Rd8+ Ke7 51. Rxd5 Ke6 52. Ra5 Rxg3+ 53. Kh6 Ng4+ 54. Kg5 Ne5+ 55. Kh6 Kf5 56. Kh7 Rh3 57. h6 Kf6 58. Ra6+ Ke7 59. Ra7+ Nd7 60. Kg8 Rg3+ 61. Kh8 Ke8 62. h7 Ne5 63. Ra8+ Kf7 64. Rg8 Ng6+ 65. Rxg6 Kxg6 66. Kg8 Ra3 67. h8=N+ Kf6 68. Kh7 Rg3 0-1


[Site "https://www.chess.com"]

[Event "Titled Tuesday Blitz April 18 Late 2023"]
[White "Bazeev, German"]
[Black "Durarbayli, Vasif"]
[WhiteFideId "24119350"]
[BlackFideId "13402935"]
[WhiteElo "2466"]
[BlackElo "2551"]
[Result "0-1"]
[Round "04"]
[TimeControl "180+2"]
[Date "2023.04.18"]
[WhiteClock "0:00:04"]
[BlackClock "0:00:28"]

1. c4 c5 2. Nc3 Nf6 3. g3 e6 4. Nf3 b6 5. e4 Bb7 6. d3 g6 7. Bg2 Bg7 8. h3 O-O 9. O-O a6 10. Bf4 d6 11. Qd2 Re8 12. Bh6 Bh8 13. Ng5 Nc6 14. f4 Qc7 15. Rae1 Rad8 16. g4 Nd7 17. f5 Nde5 18. Ne2 b5 19. Nf4 Nd4 20. b3 b4 21. Kh1 a5 22. Qf2 Qe7 23. Qg3 a4 24. bxa4 Ra8 25. h4 Rxa4 26. h5 Bf6 27. Nfh3 Rxa2 28. fxg6 fxg6 29. Rxf6 Qxf6 30. Rf1 Qe7 31. Nf4 b3 32. hxg6 hxg6 33. Nh5 b2 34. Nf6+ Qxf6 35. Rxf6 b1=Q+ 36. Kh2 Qc2 37. Nh3 Qxg2+ 38. Qxg2 Rxg2+ 39. Kxg2 0-1


[Site "https://www.chess.com"]

[Event "Titled Tuesday Blitz April 18 Late 2023"]
[White "Prohaszka, Peter"]
[Black "Zhigalko_Sergei"]
[WhiteFideId "726265"]
[WhiteElo "2626"]
[BlackElo "2907"]
[Result "0-1"]
[Round "04"]
[TimeControl "180+2"]
[Date "2023.04.18"]
[WhiteClock "0:00:01"]
[BlackClock "0:00:07"]

1. d4 Nf6 2. c4 e6 3. Bf4 b6 4. a3 Bb7 5. Nc3 d5 6. cxd5 exd5 7. e3 Bd6 8. Nh3 O-O 9. Bd3 Re8 10. O-O c5 11. Rc1 c4 12. Bb1 Nc6 13. Qc2 g6 14. Rcd1 a6 15. Bg5 Be7 16. Nf4 Na5 17. Qe2 Qd6 18. Qf3 Rad8 19. Bxf6 Bxf6 20. Nfxd5 Bg7 21. e4 Nb3 22. Qe3 Bxd5 23. Nxd5 b5 24. Rfe1 f5 25. g3 fxe4 26. Nc3 Bxd4 27. Nxe4 Qb6 28. Qh6 Rxe4 29. Rxe4 Qf6 30. Rf1 Bc5 31. Rf4 Qg7 32. Qxg7+ Kxg7 33. Kg2 Rd2 34. Re4 Rxb2 35. Re6 Nd2 36. Rc6 Nxf1 0-1


[Site "https://www.chess.com"]

[Event "Titled Tuesday Blitz April 18 Late 2023"]
[White "Demchenko, Anton"]
[Black "Leenhouts, Koen"]
[WhiteFideId "4160258"]
[BlackFideId "1008439"]
[WhiteElo "2545"]
[BlackElo "2409"]
[Result "0-1"]
[Round "04"]
[TimeControl "180+2"]
[Date "2023.04.18"]
[WhiteClock "0:00:03"]
[BlackClock "0:00:21"]

1. e4 c5 2. Nc3 Nc6 3. Bb5 g6 4. Bxc6 dxc6 5. d3 Bg7 6. h3 e5 7. Be3 b6 8. Qd2 Be6 9. f4 exf4 10. Bxf4 Qh4+ 11. g3 Qe7 12. Nf3 O-O-O 13. O-O-O h6 14. g4 Nf6 15. Be5 Ne8 16. Bxg7 Nxg7 17. Qf4 Qc7 18. e5 Bd5 19. Nxd5 cxd5 20. Rhf1 Ne6 21. Qg3 Rd7 22. Rf2 h5 23. Rdf1 hxg4 24. Qxg4 Kb7 25. Kb1 Rh5 26. c3 Rf5 27. d4 cxd4 28. cxd4 Qc4 29. b3 Qd3+ 30. Kb2 Rc7 31. Qg2 Nxd4 32. Nxd4 Qxd4+ 33. Kb1 Qd3+ 34. Kb2 Qd4+ 35. Kb1 Rxf2 36. Qxf2 Qxe5 37. Re1 Qc3 38. Rd1 Qc5 39. h4 Qxf2 0-1


[Site "https://www.chess.com"]

[Event "Titled Tuesday Blitz April 18 Late 2023"]
[White "Duda, Jan-Krzysztof"]
[Black "Martinez Reyes, Pedro Ramon"]
[WhiteFideId "1170546"]
[BlackFideId "3901807"]
[WhiteElo "2790"]
[BlackElo "2340"]
[Result "1-0"]
[Round "04"]
[TimeControl "180+2"]
[Date "2023.04.18"]
[WhiteClock "0:00:11"]
[BlackClock "0:00:01"]

1. c4 e6 2. Nf3 d5 3. g3 Nf6 4. Bg2 Be7 5. O-O O-O 6. d4 c6 7. Qc2 b6 8. Nbd2 Bb7 9. e4 Na6 10. e5 Nd7 11. a3 c5 12. cxd5 Bxd5 13. dxc5 bxc5 14. Nc4 Qc7 15. Bf4 Qb7 16. Nd6 Qc6 17. Nd4 Qb6 18. N4f5 Bxd6 19. Nxd6 Bxg2 20. Kxg2 Nc7 21. Nc4 Qb7+ 22. Kg1 Nd5 23. Bd2 N7b6 24. Nd6 Qc6 25. b4 Nd7 26. b5 Qc7 27. Qb2 f6 28. Nc4 f5 29. a4 f4 30. Rac1 N7b6 31. a5 Nxc4 32. Rxc4 fxg3 33. hxg3 Rf3 34. Qc2 Raf8 35. Rxc5 Qf7 36. Rc8 Rxg3+ 37. Kh2 Rf3 38. Rxf8+ Qxf8 39. Kg2 Rf5 40. Qe4 Qf7 41. f3 Qg6+ 42. Kf2 Qh5 43. b6 Qh2+ 44. Ke1 axb6 45. Kd1 bxa5 46. Qc4 h6 47. Qc8+ Kh7 48. Qxe6 Qg2 49. Qxf5+ 1-0


[Site "https://www.chess.com"]